AoeStats
← nathano1927

Arabia

506859020Analyzed
1v1 RM · 17d ago on Sep 15, 2026· 21m 43s· 2 players
Game mode
Random Map
Map size
Tiny (2 player)
Population
200
Speed
Normal
Resources
Standard
Victory
Conquest
Starting age
Dark Age
Ending age
Imperial Age
RankedLock teamsTeams togetherTeam positionsShared explorationLock speedFull tech treeHidden civsTurbo modeCheats
Victory
Defeat
🇺🇸 Celts · United States
872
+18
🇨🇳 Lithuanians · China
828
-14
二两
6:24 Loom
9:58 Feudal Age
10:33 Double-Bit Axe
13:28 Wheelbarrow
17:16 Horse Collar
21:48 Castle Age
nathano1927
11:02 Feudal Age
12:11 Loom
13:47 Horse Collar
19:42 Castle Age
20:27 Double-Bit Axe
21:04 Forging
20:54 Scale Mail Armor
Connection lost

Rejoining the realm…

Still unreachable

The connection could not be restored.

Session expired

The server has moved on; the page needs a fresh start.